cohdb
Replays
Latest Replays
All Replays
Popular Replays
Top Player Replays
Match Explorer
How It Works
Community
CoH3 Stats
Reddit
Sign in to upload your games and track your stats! →
Sign in with Steam
Match 41866472
Unlisted
Match 41866472
Overview
Messages
Build Orders
End
Panzergrenadier Squad
Kradschützen Motorcycle Team
Panzergrenadier Squad
Panzergrenadier Squad
Construct Light Support Kompanie
MG34 Team
2.5-tonne Medical Truck
Fire Support Elements
Forward Retreat Point
Construct Panzerarmee Kommand
Rapid Advance
Tungsten Core Ammunition
Armored Reserves
Selects Panzerjäger Kommand Battlegroup
Selects Tank Busters
Selects Crew Shock Tactics
Advanced Optics
Tiger Heavy Tank
Selects Anti-tank Overwatch
Vehicle Survival Package
Advanced Field Repairs
Anti-tank Overwatch
Emergency Repair Kits
Walking Stuka Rocket Launcher
Anti-tank Overwatch
Flak 36 Anti-tank Gun Team
Panzer IV Assault Group
Construct Mechanized Kompanie
Anti-tank Overwatch
MuniekPL
yitzak
Husar
Rhysong
JISA_leb
Scilless
0
0
Comments
sign in to comment!
No comments posted yet!